Map: Ley Lines

Players

David (iPlayDefense)

  • Race: Terran Terran
  • Spawn Location: 7:00

VOD

Have the link to the VOD?

Description

Time

  • Played on: April 10, 2025, 3:40 p.m.
  • Length: 8:14
Show
View Real Time Build Order
Export as new Build Order

David Terran 

Build Orders:  

Get SALT Encoding   

  12  0:01  SCV  
  13  0:19  SCV  
  14  0:26  Supply Depot  
  14  0:59  Barracks  
  14  1:03  Barracks  
  14  1:14  SCV  
  15  1:31  SCV  
  15  1:34  Refinery  
  16  1:48  SCV  
  17  2:21  Command Center  
  17  2:41  SCV  
  18  2:56  Refinery  
  18  2:58  SCV  
  19  3:01  Barracks Reactor x2  
  19  3:15  SCV  
  20  3:32  SCV  
  21  3:51  Orbital Command  
  21  3:55  Marine  
  21  3:56  Marine  
  23  4:01  Marine x2  
  23  4:06  SCV  
  26  4:20  Marine  
  26  4:21  Marine  
  26  4:23  SCV  
  26  4:25  Marine x2  
  28  4:30  SCV  
  32  4:40  SCV  
  32  4:43  Barracks  
  32  4:46  SCV  
  34  4:57  SCV  
  35  5:03  SCV  
  36  5:10  Factory  
  36  5:23  Marine  
  36  5:24  Marine  
  38  6:02  Barracks Tech Lab  
  38  6:05  Supply Depot  
  38  6:35  Marine x4  
  38  6:38  Supply Depot  
  42  6:47  Marauder  
  42  6:48  Engineering Bay  
  44  6:52  SCV  
  45  7:00  Marine  
  45  7:08  Marine  
  45  7:09  SCV  
  48  7:10  SCV  
  48  7:17  Marauder  
  48  7:19  Supply Depot  
  51  7:26  SCV  
  51  7:27  SCV  
  51  7:29  Armory  
  53  7:38  Marine  
  54  7:42  Factory Tech Lab  
  54  7:49  SCV x2  
  61  7:52  Supply Depot  
Tags
 
Matchup
Co-op
Replay Pack
DaveSC2
Add a new tag
Caveats
  • Supply blocks, unpowered buildings, or Contaminate may cause inaccurate times.
  • Supply counts are checked every 10 seconds.